 Dungeon Crawl Stone Soup version bcrawl-1.12.2 (webtiles) character file.

Game seed: 8375122155629417055

113 Sumakker the Covert (level 4, -4/27 HPs)
             Began as a Dusk Walker Rogue on July 22, 2019.
             Was an Initiate of Okawaru.
             Succumbed to a kobold's poison
             ... on level 3 of the Dungeon.
             The game lasted 00:05:06 (1862 turns).

Sumakker the Covert (Dusk Walker Rogue)             Turns: 1862, Time: 00:05:06

Health: -4/27      AC:  9    Str: 12    XL:     4   Next: 65%
Magic:  5/5        EV:  5    Int: 11    God:    Okawaru [......]
Gold:   99         SH:  0    Dex: 15    Spells: 3/3 levels left

rFire    . . .     SeeInvis .   r - +2 hand axe (flame)
rCold    . . .     Gourm    .   (no shield)
rNeg     . . .     Faith    .   n - +0 chain mail
rPois    .         Spirit   .   (no helmet)
rElec    .         Reflect  .   d - +0 cloak
rCorr    .         Harm     .   (no gloves)
MR       .....                  (no boots)
Stlth    ++++......             (no amulet)
HPRegen  0.09/turn              (no ring)
MPRegen  0.09/turn              (no ring)

@: lethally poisoned (-4 -> -49)
A: draining touch, unencumbered stealth, fangs 2, nightstalker 1
a: Renounce Religion


You were on level 3 of the Dungeon.
You worshipped Okawaru.
Okawaru was noncommittal.
You were not hungry.

You visited 1 branch of the dungeon, and saw 3 of its levels.

You collected 99 gold pieces.

Inventory:

Hand Weapons
 a - a +2 dagger
 b - a +0 blowgun
 r - a +2 hand axe of flaming (weapon)
Missiles
 e - 73 poisoned needles
Armour
 d - a +0 cloak (worn)
 n - a +0 chain mail (worn)
Wands
 f - a wand of flame (14)
 g - a wand of enslavement (15)
Scrolls
 j - 2 scrolls of identify {unknown}
 k - 2 scrolls of teleportation {unknown}
 l - a scroll of immolation {unknown}
 q - a scroll of amnesia {unknown}
 s - a scroll of remove curse {unknown}
Potions
 c - a potion of flight {unknown}
 i - a potion of ambrosia {unknown}
 m - a potion of experience {unknown}
 o - a potion of degeneration {unknown}
 p - 2 potions of agility
Comestibles
 h - 4 rations {!d}


   Skills:
 - Level 3.7 Short Blades
 + Level 0.5 Axes
 - Level 1.5 Throwing
 * Level 8.8 Stealth
 - Level 2.0 Evocations


You had 3 spell levels left.
You didn't know any spells.
Your spell library was empty.

Dungeon Overview and Level Annotations

Branches:
Dungeon (3/12)

Altars:
Elyvilon
Lugonu
Nemelex Xobeh
Okawaru
Sif Muna
Xom


Innate Abilities, Weirdness & Mutations

Your attacks drain your enemies.
You move stealthily even while encumbered by armour.
You have extremely sharp teeth.
You are slightly more attuned to the shadows.


Message History

The kobold throws a stone.
The stone hits you but does no damage.
You feel very sick.
The kobold shoots a poisoned needle.
The poisoned needle hits you!
You are more poisoned.
The kobold throws a stone.
The stone closely misses you.
The kobold shoots a poisoned needle.
The poisoned needle hits you!
You are more poisoned.
Unknown command.
* * * LOW HITPOINT WARNING * * *
You feel very sick.
The kobold throws a stone.
The stone hits you but does no damage.
The kobold shoots a poisoned needle.
The poisoned needle hits you!
You are more poisoned.
The kobold throws a stone.
The stone closely misses you.
* * * LOW HITPOINT WARNING * * *
You feel very sick.
The kobold throws a stone.
The stone hits you but does no damage.
The kobold shoots a poisoned needle.
The poisoned needle barely misses you.
You feel yourself speed up.
You die...

#.......# .# #.......#
#..K....###.# #.....######
#...........# #....###....
##..Ko†.....# #....# #....
#...........## ##...# #....
#..$........# #...# #....
#...........# #...# #....
............# #...# #....
...........@# #...###....
.......$....######..........
.?.................#.##....
........####.........'....
........# #....##..##....
.......# #..........#.##
...... #....###...#.# ...
#....# #...#.# #....#
##..#.##


You could see an orc and a kobold.

Vanquished Creatures
  Terence (D:2)
  Natasha (D:3)
  An ooze (D:2)
  A dart slug (D:2)
  A leopard gecko (D:1)
  6 orcs
  A giant cockroach (D:1)
  4 goblins
  4 hobgoblins
  8 kobolds
  2 quokkas
  8 bats
  4 frilled lizards
  8 rats
50 creatures vanquished.

Notes
Turn   | Place    | Note
-------+----------+-------------------------------------------
     0 | D:1      | Sumakker the Dusk Walker Rogue began the quest for the Orb.
     0 | D:1      | Reached XP level 1. HP: 11/11 MP: 2/2
   125 | D:1      | Reached XP level 2. HP: 17/17 MP: 3/3
   132 | D:1      | Reached skill level 7 in Stealth
   556 | D:2      | Reached XP level 3. HP: 20/21 MP: 4/4
   648 | D:2      | Noticed Terence
   746 | D:2      | Found a white marble altar of Elyvilon.
   932 | D:2      | Reached skill level 8 in Stealth
  1303 | D:2      | Found an iron altar of Okawaru.
  1581 | D:2      | Found a corrupted altar of Lugonu.
  1587 | D:2      | Found a deep blue altar of Sif Muna.
  1598 | D:2      | Found a sparkling altar of Nemelex Xobeh.
  1609 | D:2      | Found a shimmering altar of Xom.
  1621 | D:2      | Became a worshipper of Warmaster Okawaru
  1676 | D:2      | Killed Terence
  1676 | D:2      | Gained mutation: You are slightly more attuned to the
                  | shadows. [Dusk Walker growth]
  1676 | D:2      | Reached XP level 4. HP: 23/27 MP: 5/5
  1838 | D:3      | Noticed Natasha
  1849 | D:3      | Killed Natasha
  1861 | D:3      | HP: 1/27 [poisoned by a kobold]
  1862 | D:3      | Succumbed to a kobold's poison

Skill      XL: |  1  2  3 |
---------------+----------+-----
Stealth        | 7 8 |  8.8
Short Blades   | 3 |  3.7
Axes           | |  0.5
Throwing       | |  1.5
Evocations     | |  2.0

Action                   |  1- 3 |  4- 6 || total
-------------------------+-------+-------++-------
Melee: Dagger            |   104 |       ||   104
       Bite              |     6 |     1 ||     7
       Hand axe          |       |    14 ||    14
 Fire: Blowgun           |     7 |       ||     7
Evoke: Wand              |     1 |       ||     1
  Use: Potion            |     1 |       ||     1
 Stab: Sleeping          |    11 |     2 ||    13
  Eat: Ration            |     1 |       ||     1
       Chunk             |     1 |       ||     1
Armor: Robe              |    12 |       ||    12
       Chain mail        |     8 |    20 ||    28
       Leather armour    |     3 |       ||     3
       Scale mail        |     3 |       ||     3
Dodge: Dodged            |    29 |     7 ||    36
